 Dungeon Crawl Stone Soup version 0.17.1-1-g73c8601 (webtiles) character file.

41 Gargoyl the Skirmisher (level 3, -3/29 HPs)
             Began as a Demonspawn Abyssal Knight on Dec 25, 2015.
             Was a Follower of Lugonu.
             Slain by Natasha (4 damage)
             ... on level 2 of the Dungeon.
             The game lasted 00:01:58 (1243 turns).

Gargoyl the Skirmisher (Demonspawn Abyssal Knight)  Turns: 1243, Time: 00:01:58

Health: -3/29      AC:  6    Str: 13    XL:     3   Next: 32%
Magic:  0/5        EV: 10    Int: 13    God:    Lugonu [*.....]
Gold:   85         SH:  0    Dex: 12    Spells: 0 memorised, 2 levels left

rFire  + . .     SeeInvis .     a - +1 hand axe
rCold  + + .     Clarity  .     i - +0 ring mail
rNeg   . . .     SustAt   .     (no shield)
rPois  +         Gourm    .     (no helmet)
rElec  +         Spirit   +     (no cloak)
rCorr  +         Warding  .     (no gloves)
rMut   .         Stasis   .     (no boots)
MR     .....                    (no amulet)
Stlth  +.........               (no ring)
                                k - +1 ring of protection (curse)

@: resistant, not resistant to hostile enchantments, very unstealthy
A: cold resistance 1, magic shield
a: Depart the Abyss, Renounce Religion


You were on level 2 of the Dungeon.
You worshipped Lugonu.
Lugonu was aware of your devotion.
You were not hungry.

You visited 1 branch of the dungeon, and saw 2 of its levels.
You visited the Abyss 1 time.

You collected 85 gold pieces.

Inventory:

Hand Weapons
 a - a +1 hand axe (weapon)
Armour
 b - a +0 leather armour
 i - a +0 ring mail (worn)
Jewellery
 k - a cursed +1 ring of protection (left hand)
Scrolls
 g - a scroll of fog {unknown}
 h - 4 scrolls of identify {unknown}
 l - a scroll of enchant weapon {unknown}
Comestibles
 d - a meat ration
 f - a beef jerky
 m - 5 fruits


   Skills:
 + Level 3.6 Fighting
 + Level 2.0 Axes
 + Level 2.1 Armour
 + Level 1.1 Dodging
 + Level 3.1 Invocations


You had 2 spell levels left.
You didn't know any spells.

Dungeon Overview and Level Annotations

Branches:
Dungeon (2/15)

Altars:

Annotations:
D:2 Natasha


Innate Abilities, Weirdness & Mutations

Your flesh is cold resistant.
When hurt, damage is shared between your health and your magic reserves.


Message History

* * * LOW HITPOINT WARNING * * *
Drink which item? (? for menu, Esc to quit)
It was a potion of cure mutation.
It has a very clean taste.
Your magical essence is no longer linked to your wands.
You feel stronger. The horns on your head shrink away. Natasha claws you.
* * * LOW HITPOINT WARNING * * *
The goblin hits you.
* * * LOW HITPOINT WARNING * * *
The kobold closely misses you.
You slash Natasha!
Natasha is heavily wounded.
You hit the goblin.
You kill the goblin!
Lugonu accepts your kill.
You barely miss the kobold.
The kobold is almost dead.
Natasha barely misses you. The kobold hits you but does no damage.
Natasha claws you.
You die... . ... #. . ... .. #. ... ..... ###.##.#.#.g5. ... .#.#...... # #.. ... gh...

#.#.# #h#......
#.#.# #@#g...?.
##.#.####)Kg.....
#.......))##.#...
####....####.## #
.......<.......
####.#...........
# #.#####.#####
#. #.# #. #.#


You could see Natasha, a goblin and a kobold.

Vanquished Creatures
  Robin (D:2)
  A giant gecko (D:1)
  3 bats (D:1)
  2 giant cockroaches (D:1)
  11 goblins
  5 hobgoblins (D:1)
  A giant newt (D:1)
  A kobold (D:1)
  A rat (D:1)
26 creatures vanquished.

Notes
Turn   | Place    | Note
--------------------------------------------------------------
     0 | Abyss:1  | Gargoyl the Demonspawn Abyssal Knight began the quest for the Orb.
     0 | Abyss:1  | Reached XP level 1. HP: 18/18 MP: 2/2
    52 | Abyss:1  | Found a basalt altar of Yredelemnul.
    86 | Abyss:1  | Found a basalt altar of Yredelemnul.
   107 | Abyss:1  | Noticed a large abomination
   138 | Abyss:1  | Noticed a large abomination
   150 | Abyss:1  | Noticed a starcursed mass
   152 | D:1      | Escaped the Abyss
   165 | D:1      | Reached skill level 1 in Dodging
   561 | D:1      | Gained mutation: Your flesh is cold resistant. [demonic ancestry]
   561 | D:1      | Reached XP level 2. HP: 17/24 MP: 4/4
   804 | D:1      | Reached * piety under Lugonu
  1221 | D:2      | Noticed Robin
  1232 | D:2      | Gained mutation: When hurt, damage is shared between your health and your magic reserves. [demonic ancestry]
  1232 | D:2      | Reached XP level 3. HP: 16/29 MP: 5/5
  1233 | D:2      | Noticed Natasha
  1238 | D:2      | Killed Robin
  1240 | D:2      | Gained mutation: You expend magic power (3 MP) to strengthen your wands. [potion of mutation]
  1240 | D:2      | Gained mutation: You have a pair of small horns on your head. [potion of mutation]
  1240 | D:2      | Gained mutation: You are weak. (Str -2) [potion of mutation]
  1242 | D:2      | Lost mutation: You expend magic power (3 MP) to strengthen your wands. [potion of cure mutation]
  1242 | D:2      | Lost mutation: You are weak. (Str -2) [potion of cure mutation]
  1242 | D:2      | Lost mutation: You have a pair of small horns on your head. [potion of cure mutation]
  1242 | D:2      | HP: 1/29 [goblin[Robin] (1)]
  1243 | D:2      | Slain by Natasha

Action                   || total
-------------------------++-------
Melee: Hand axe          ||    68
Invok: Depart the Abyss  ||     1
  Use: Potion            ||     4
  Eat: Bread ration      ||     1
